MWL
BURLINGTON BEES @ QUAD CITIES ANGELS
08/10/1982
 
TOP OF THE 1ST
Burlington Bees batting - Pitching for Quad Cities Angels : RHP Scott Munninghoff
Pitching: RHP Scott Munninghoff
Batting: LHB Herm Winningham 0-0: Ball
1-0: Ball
2-0: Ball
3-0: Called Strike
3-1: Foul Ball, location: 2F
3-2: Foul Ball, location: 2F
3-2: Ground out 4-3 (Groundball, 34, EV 95.6 MPH)
Batting: LHB Brian Devalk 0-0: Ball
1-0: Called Strike
1-1: Ball
2-1: Foul Ball, location: 2F
2-2: Ball
3-2: Base on Balls
Batting: RHB Javier Ortiz 0-0: Ground out 5-3 (Groundball, 56S, EV 67.5 MPH)
Brian Devalk to second
Batting: RHB Steve Buechele 0-0: Called Strike
0-1: Ball
1-1: Fly out, F8 (Flyball, 8LS, EV 94.4 MPH)
Top of the 1st over - 0 runs, 0 hits, 0 errors, 1 left on base; Burlington 0 - Quad Cities 0
BOTTOM OF THE 1ST
Quad Cities Angels batting - Pitching for Burlington Bees : LHP Randall Boyce
Pitching: LHP Randall Boyce
Batting: RHB Mike Sharperson 0-0: Foul Ball, location: 2F
0-1: Ground out 6-3 (Groundball, 6, EV 102.5 MPH)
Batting: RHB Oscar Mejia 0-0: Ball
1-0: Called Strike
1-1: Ball
2-1: Ground out 6-3 (Groundball, 6, EV 104.4 MPH)
Batting: RHB Dionisio DeJesus 0-0: Called Strike
0-1: Called Strike
0-2: Ball
1-2: Ground out 6-3 (Groundball, 6, EV 89.4 MPH)
Bottom of the 1st over - 0 runs, 0 hits, 0 errors, 0 left on base; Burlington 0 - Quad Cities 0
TOP OF THE 2ND
Burlington Bees batting - Pitching for Quad Cities Angels : RHP Scott Munninghoff
Batting: RHB Bob Glendening 0-0: Called Strike
0-1: Ball
1-1: Ball
2-1: Called Strike
2-2: Ball
3-2: Base on Balls
Batting: LHB Frank Hardy 0-0: Ball
1-0: Ball
2-0: Ball
Bob Glendening is caught stealing 2nd base 2-6
3-0: Base on Balls
Batting: RHB Mike Quade 0-0: Ball
1-0: SINGLE (Groundball, 6D, EV 109.4 MPH)
Frank Hardy to second
Batting: RHB Mike Morse 0-0: Ball
1-0: Ball
2-0: Ball
3-0: Called Strike
3-1: Called Strike
3-2: Foul Ball, location: 2F
3-2: Fly out, F7 (Flyball, 7S, EV 93.1 MPH)
Batting: RHB Bob Hicks 0-0: Ball
1-0: 3-RUN HOME RUN (Flyball, 78XD, EV 93.1 MPH), Distance : 451 ft
Batting: LHB Herm Winningham 0-0: Fly out, F2 (Popup, 23F, EV 88.8 MPH)
Top of the 2nd over - 3 runs, 2 hits, 0 errors, 0 left on base; Burlington 3 - Quad Cities 0
BOTTOM OF THE 2ND
Quad Cities Angels batting - Pitching for Burlington Bees : LHP Randall Boyce
Batting: LHB Bob Helsom 0-0: Ball
1-0: Called Strike
1-1: Ball
2-1: Fly out, F9 (Flyball, 89M, EV 95.0 MPH)
Batting: RHB Mike Anicich 0-0: Called Strike
0-1: Foul Ball, location: 2F
0-2: Ball
1-2: Ball
2-2: Strikes out swinging
Batting: SHB Danny Montero 0-0: Foul Ball, location: 2F
0-1: Ball
1-1: Foul Ball, location: 2F
1-2: Foul Ball, location: 2F
1-2: Ball
2-2: Strikes out swinging, 2-3 out at first.
Bottom of the 2nd over - 0 runs, 0 hits, 0 errors, 0 left on base; Burlington 3 - Quad Cities 0
TOP OF THE 3RD
Burlington Bees batting - Pitching for Quad Cities Angels : RHP Scott Munninghoff
Batting: LHB Brian Devalk 0-0: SOLO HOME RUN (Flyball, 9LD, EV 96.3 MPH), Distance : 367 ft
Batting: RHB Javier Ortiz 0-0: Called Strike
0-1: Ball
1-1: SINGLE (Line Drive, 7S, EV 101.9 MPH)
Batting: RHB Steve Buechele 0-0: Fly out, F8 (Flyball, 89XD, EV 105.0 MPH)
Batting: RHB Bob Glendening 0-0: Ball
1-0: Called Strike
1-1: Foul Ball, location: 2F
1-2: Foul Ball, location: 2F
1-2: Ball
2-2: Ball
3-2: Foul Ball, location: 2F
3-2: Grounds into double play, 4-6-3 (Groundball, 4, EV 102.5 MPH)
Top of the 3rd over - 1 run, 2 hits, 0 errors, 0 left on base; Burlington 4 - Quad Cities 0
BOTTOM OF THE 3RD
Quad Cities Angels batting - Pitching for Burlington Bees : LHP Randall Boyce
Batting: RHB Rolando Roomes 0-0: Called Strike
0-1: Ball
1-1: Called Strike
1-2: Fly out, F9 (Flyball, 9, EV 92.5 MPH)
Batting: RHB Brad Fischer 0-0: Ball
1-0: Foul Ball, location: 2F
1-1: Swinging Strike
1-2: Strikes out swinging
Batting: SHB Frank Diaz 0-0: Ground out 6-3 (Groundball, 56D, EV 80.6 MPH)
Bottom of the 3rd over - 0 runs, 0 hits, 0 errors, 0 left on base; Burlington 4 - Quad Cities 0
TOP OF THE 4TH
Burlington Bees batting - Pitching for Quad Cities Angels : RHP Scott Munninghoff
Batting: LHB Frank Hardy 0-0: Ball
1-0: Ball
2-0: Fly out, F9 (Flyball, 9S, EV 85.0 MPH)
Batting: RHB Mike Quade 0-0: Fly out, F8 (Flyball, 8RS, EV 71.9 MPH)
Batting: RHB Mike Morse 0-0: Ball
1-0: Ball
2-0: Ground out 6-3 (Groundball, 6, EV 105.6 MPH)
Top of the 4th over - 0 runs, 0 hits, 0 errors, 0 left on base; Burlington 4 - Quad Cities 0
BOTTOM OF THE 4TH
Quad Cities Angels batting - Pitching for Burlington Bees : LHP Randall Boyce
Batting: RHB Mike Sharperson 0-0: Fly out, F4 (Popup, 4D, EV 66.3 MPH)
Batting: RHB Oscar Mejia 0-0: Ball
1-0: Fly out, F9 (Flyball, 9LM, EV 100.0 MPH)
Batting: RHB Dionisio DeJesus 0-0: Foul Ball, location: 2F
0-1: Swinging Strike
0-2: Strikes out looking
Bottom of the 4th over - 0 runs, 0 hits, 0 errors, 0 left on base; Burlington 4 - Quad Cities 0
TOP OF THE 5TH
Burlington Bees batting - Pitching for Quad Cities Angels : RHP Scott Munninghoff
Batting: RHB Bob Hicks 0-0: Ball
1-0: Foul Ball, location: 2F
1-1: Ball
2-1: Ground out 6-3 (Groundball, 6, EV 105.6 MPH)
Batting: LHB Herm Winningham 0-0: Ball
1-0: Foul Ball, location: 2F
1-1: Ball
2-1: Foul Ball, location: 2F
2-2: Strikes out swinging
Batting: LHB Brian Devalk 0-0: Called Strike
0-1: Ball
1-1: Foul Ball, location: 2F
1-2: Ball
2-2: Ground out 4-3 (Groundball, 4, EV 84.4 MPH)
Top of the 5th over - 0 runs, 0 hits, 0 errors, 0 left on base; Burlington 4 - Quad Cities 0
BOTTOM OF THE 5TH
Quad Cities Angels batting - Pitching for Burlington Bees : LHP Randall Boyce
Batting: LHB Bob Helsom 0-0: Called Strike
0-1: Foul Ball, location: 2F
0-2: Ball
1-2: Foul Ball, location: 2F
1-2: Ball
2-2: Fly out, F8 (Flyball, 8LXD, EV 88.8 MPH)
Batting: RHB Mike Anicich 0-0: Called Strike
0-1: Called Strike
0-2: Fly out, F7 (Flyball, 7, EV 83.8 MPH)
Batting: SHB Danny Montero 0-0: Foul Ball, location: 2F
0-1: Swinging Strike
0-2: Ball
1-2: Ball
2-2: Foul Ball, location: 2F
2-2: Fly out, F7 (Flyball, 7D, EV 90.6 MPH)
Bottom of the 5th over - 0 runs, 0 hits, 0 errors, 0 left on base; Burlington 4 - Quad Cities 0
TOP OF THE 6TH
Burlington Bees batting - Pitching for Quad Cities Angels : RHP Scott Munninghoff
Batting: RHB Javier Ortiz 0-0: Ball
1-0: Called Strike
1-1: Ball
2-1: Foul Ball, location: 2F
2-2: Strikes out looking
Batting: RHB Steve Buechele 0-0: Called Strike
0-1: Ball
1-1: Ball
2-1: Ball
3-1: Called Strike
3-2: Ground out 1-3 (Groundball, 13S, EV 71.9 MPH)
Batting: RHB Bob Glendening 0-0: Ball
1-0: Ball
2-0: Swinging Strike
2-1: Foul Ball, location: 2F
2-2: Ball
3-2: Foul Ball, location: 2F
3-2: Base on Balls
Batting: LHB Frank Hardy 0-0: Ball
1-0: Called Strike
1-1: Called Strike
1-2: Ball
2-2: SINGLE (Groundball, 6MD, EV 104.4 MPH)
Bob Glendening to second
Runner from 2nd tries for 3rd, SAFE after rundown.
Batting: RHB Mike Quade 0-0: Ball
1-0: Ball
2-0: SINGLE (Line Drive, 9S, EV 92.5 MPH)
Bob Glendening scores
Frank Hardy to second
Runner from 2nd tries for 3rd, SAFE, no throw by RF
Pitching: RHP Ray Williams
Batting: RHB Mike Morse 0-0: Called Strike
0-1: Ball
1-1: Called Strike
1-2: Strikes out swinging
Top of the 6th over - 1 run, 2 hits, 0 errors, 2 left on base; Burlington 5 - Quad Cities 0
BOTTOM OF THE 6TH
Quad Cities Angels batting - Pitching for Burlington Bees : LHP Randall Boyce
Batting: RHB Rolando Roomes 0-0: Ball
1-0: Foul Ball, location: 2F
1-1: Foul Ball, location: 2F
1-2: Ball
2-2: Strikes out swinging
Batting: RHB Brad Fischer 0-0: Called Strike
0-1: Ball
1-1: Ball
2-1: Called Strike
2-2: SINGLE (Groundball, P, EV 86.3 MPH) (infield hit)
Batting: SHB Frank Diaz 0-0: Called Strike
0-1: Ball
1-1: Ball
2-1: Ball
3-1: Foul Ball, location: 2F
3-2: Strikes out swinging
Batting: RHB Mike Sharperson 0-0: Ball
1-0: Ball
2-0: Ball
3-0: Base on Balls
Brad Fischer to second
Batting: RHB Oscar Mejia 0-0: Ball
1-0: Called Strike
1-1: Called Strike
1-2: Fly out, F4 (Flyball, 34D, EV 87.5 MPH)
Bottom of the 6th over - 0 runs, 1 hit, 0 errors, 2 left on base; Burlington 5 - Quad Cities 0
TOP OF THE 7TH
Burlington Bees batting - Pitching for Quad Cities Angels : RHP Ray Williams
Batting: RHB Bob Hicks 0-0: Called Strike
0-1: Foul Ball, location: 2F
0-2: Ball
1-2: Ball
2-2: Strikes out swinging
Batting: LHB Herm Winningham 0-0: Fly out, F5 (Flyball, 5D, EV 77.5 MPH)
Batting: LHB Brian Devalk 0-0: TRIPLE (Line Drive, 8RXD, EV 102.5 MPH)
Batting: RHB Javier Ortiz 0-0: Ball
1-0: Foul Ball, location: 2F
1-1: Ground out 5-3 (Groundball, 5, EV 111.9 MPH)
Top of the 7th over - 0 runs, 1 hit, 0 errors, 1 left on base; Burlington 5 - Quad Cities 0
BOTTOM OF THE 7TH
Quad Cities Angels batting - Pitching for Burlington Bees : LHP Randall Boyce
Batting: RHB Dionisio DeJesus 0-0: Called Strike
0-1: Ball
1-1: Ball
2-1: SINGLE (Groundball, 6MD, EV 110.6 MPH)
Batting: LHB Bob Helsom 0-0: Called Strike
0-1: Foul Ball, location: 2F
0-2: Ball
1-2: Foul Ball, location: 2F
1-2: SINGLE (Flyball, 9LS, EV 88.8 MPH)
Dionisio DeJesus to second
Runner from 2nd tries for 3rd, SAFE, no throw by RF
Batting: RHB Mike Anicich 0-0: Ball
1-0: Ball
2-0: Grounds into double play, 3-6-3 (Groundball, 34, EV 110.0 MPH)
Dionisio DeJesus scores
Batting: SHB Danny Montero 0-0: Ball
1-0: Ball
2-0: Called Strike
2-1: Called Strike
2-2: Foul Ball, location: 2F
2-2: Ball
3-2: Strikes out looking
Bottom of the 7th over - 1 run, 2 hits, 0 errors, 0 left on base; Burlington 5 - Quad Cities 1
TOP OF THE 8TH
Burlington Bees batting - Pitching for Quad Cities Angels : RHP Ray Williams
Batting: RHB Steve Buechele 0-0: Called Strike
0-1: Ball
1-1: Ball
2-1: Fly out, F9 (Line Drive, 9, EV 95.6 MPH)
Batting: RHB Bob Glendening 0-0: Ball
1-0: Ground out 6-3 (Groundball, 6M, EV 104.4 MPH)
Batting: LHB Frank Hardy 0-0: Ball
1-0: Fly out, F8 (Flyball, 8LD, EV 96.9 MPH)
Top of the 8th over - 0 runs, 0 hits, 0 errors, 0 left on base; Burlington 5 - Quad Cities 1
BOTTOM OF THE 8TH
Quad Cities Angels batting - Pitching for Burlington Bees : LHP Randall Boyce
Batting: RHB Rolando Roomes 0-0: Called Strike
0-1: Foul Ball, location: 2F
0-2: Ground out 6-3 (Groundball, 56, EV 78.1 MPH)
Batting: RHB Brad Fischer 0-0: Ball
1-0: Ball
2-0: Fly out, F4 (Flyball, 34D, EV 83.1 MPH)
Batting: SHB Frank Diaz 0-0: Called Strike
0-1: Ball
1-1: Ball
2-1: Ball
3-1: Foul Ball, location: 2F
3-2: Ground out 5-3 (Groundball, 56S, EV 85.0 MPH)
Bottom of the 8th over - 0 runs, 0 hits, 0 errors, 0 left on base; Burlington 5 - Quad Cities 1
TOP OF THE 9TH
Burlington Bees batting - Pitching for Quad Cities Angels : RHP Ray Williams
Pitching: RHP David Mangrum
Batting: RHB Mike Quade 0-0: Called Strike
0-1: Ground out 6-3 (Groundball, 6, EV 105.0 MPH)
Batting: RHB Mike Morse 0-0: Called Strike
0-1: SINGLE (Flyball, 7S, EV 88.8 MPH)
Batting: RHB Bob Hicks 0-0: Called Strike
0-1: Swinging Strike
0-2: Ball
Mike Morse steals 2nd base
1-2: Strikes out swinging
Batting: LHB Herm Winningham 0-0: Ball
1-0: SINGLE (Groundball, 34D, EV 105.6 MPH)
Mike Morse to third
Runner from 3rd tries for Home, SAFE, throw by RF to home
Batting: LHB Brian Devalk 0-0: Ball
1-0: Ground out 4-3 (Groundball, 34, EV 105.6 MPH)
Top of the 9th over - 1 run, 2 hits, 0 errors, 1 left on base; Burlington 6 - Quad Cities 1
BOTTOM OF THE 9TH
Quad Cities Angels batting - Pitching for Burlington Bees : LHP Randall Boyce
Batting: RHB Mike Sharperson 0-0: Called Strike
0-1: SINGLE (Groundball, 25, EV 72.5 MPH) (infield hit)
Batting: RHB Oscar Mejia 0-0: Ball
1-0: Called Strike
1-1: Ball
2-1: Ground out 6-3 (Groundball, 6S, EV 69.4 MPH)
Mike Sharperson to second
Batting: RHB Dionisio DeJesus 0-0: Ball
1-0: Called Strike
1-1: SINGLE (Flyball, 9S, EV 91.3 MPH)
Mike Sharperson to third
Batting: LHB Bob Helsom 0-0: Ball
1-0: Foul Ball, location: 2F
1-1: Ball
2-1: Ball
3-1: Called Strike
3-2: Foul Ball, location: 2F
3-2: Foul Ball, location: 2F
3-2: Foul Ball, location: 2F
3-2: Ground out 4-3 (Groundball, 4D, EV 102.5 MPH)
Mike Sharperson scores
Dionisio DeJesus to second
Batting: RHB Mike Anicich 0-0: Ball
1-0: Foul Ball, location: 2F
1-1: Foul Ball, location: 2F
1-2: Fly out, F9 (Line Drive, 9D, EV 96.3 MPH)
Bottom of the 9th over - 1 run, 2 hits, 0 errors, 1 left on base; Burlington 6 - Quad Cities 2
Friday, August 21st, 2020 - OOTP Baseball 21.5 Build 76